 Dungeon Crawl Stone Soup version 0.28-a0-514-g0d7ab7f379 (webtiles) character file.

Game seed: 17978832156077605680

7 avis the Skirmisher (level 2, 0/31 HPs)
             Began as an Ogre Warper on Sept 23, 2021.
             Slain by a giant cockroach (1 damage)
             ... on level 2 of the Dungeon.
             The game lasted 00:03:40 (533 turns).

avis the Skirmisher (Ogre Warper)                    Turns: 533, Time: 00:03:40

Health: 0/31       AC:  3    Str: 14    XL:     2   Next: 0%
Magic:  5/5        EV:  9    Int: 14    God:
Gold:   25         SH:  0    Dex:  8    Spells: 5/5 levels left

rFire   . . .      SeeInvis .   a - +0 mace
rCold   . . .      Faith    .   (no shield)
rNeg    . . .      Spirit   .   b - +0 robe
rPois   .          Reflect  .   (helmet restricted)
rElec   .          Harm     .   (no cloak)
rCorr   .          Rampage  .   (gloves unavailable)
Will    .....                   (boots unavailable)
Stlth   +.........              (no amulet)
HPRegen 0.10/turn               (no ring)
MPRegen 0.09/turn               (no ring)

@: no status effects
A: large, unfitting armour, tough skin 1
a: no special abilities


You were on level 2 of the Dungeon.
You visited 1 branch of the dungeon, and saw 2 of its levels.

You collected 25 gold pieces.

Inventory:

Hand Weapons
 a - a +0 mace (weapon)
Missiles
 d - 5 boomerangs of dispersal (quivered)
 e - 12 stones
 h - 26 arrows
Armour
 b - a +0 robe (worn)
 g - a +0 kite shield
Scrolls
 f - a scroll of noise {unknown}
 i - a scroll of teleportation {unknown}


   Skills:
 + Level 3.0 Fighting
 * Level 2.2 Maces & Flails
 - Level 1.0 Throwing
 - Level 2.1 Dodging
 - Level 2.4 Spellcasting
 - Level 2.6 Translocations


You had 5 spell levels left.
You didn't know any spells.
Your spell library contained the following spells:

 Spells                   Type           Power      Damage    Failure   Level
 Blink                    Tloc           N/A        N/A       12%         2
 Gell's Gravitas          Tloc           4%         N/A       22%         3
 Lesser Beckoning         Tloc           9%         N/A       22%         3
 Teleport Other           Tloc           9%         N/A       22%         3
 Manifold Assault         Tloc           9%         N/A       91%         5


Dungeon Overview and Level Annotations

Branches:
Dungeon (1/15)

Altars:


Innate Abilities, Weirdness & Mutations

You are too large for most types of armour.
You have tough skin. (AC +1)


Message History

A worm comes into view.
The adder closely misses you.
Found 7 gold pieces.
The adder barely misses you. The adder barely misses you.
The adder bites you but does no damage. The adder closely misses you.
The adder closely misses you.
The giant cockroach waves its antennae.
The adder bites you.
* * * LOW HITPOINT WARNING * * *
You are poisoned.
The adder poisons you!
* * * LOW HITPOINT WARNING * * *
You feel sick.
* * * LOW HITPOINT WARNING * * *
You feel sick.
* * * LOW HITPOINT WARNING * * *
You feel sick. The adder barely misses you.
You closely miss the adder.
* * * LOW HITPOINT WARNING * * *
You feel sick. The adder bites you but does no damage.
You aren't carrying any potions.
You aren't carrying any potions.
Blink to where?
Press: ? - help, Dir - move target
There is a wall there.
Okay, then.
* * * LOW HITPOINT WARNING * * *
You feel sick. The adder closely misses you.
Blink to where?
Press: ? - help, Dir - move target
As you read the scroll of blinking, it crumbles to dust.
* * * LOW HITPOINT WARNING * * *
You feel sick.
You are no longer poisoned.
The giant cockroach closely misses you.
You hit the giant cockroach.
The giant cockroach is moderately wounded.
The giant cockroach barely misses you. The giant cockroach bites you.
You die...

.. #.# #.# ###
############.# #..
#@....w...##.###..
#B#######.##.#....
##g#######.##.###..
+.BS...........##..
##.####....$...##.B
#.# #.....#B.##..
#ยง# #.....#..B...
#+# ########.###.
#.# ##


You could see a worm, an adder, 2 giant cockroaches and a hobgoblin.

Vanquished Creatures
  An endoplasm (D:2)
  A quokka (D:1)
  2 bats
  A frilled lizard (D:1)
  A kobold (D:1)
  A rat (D:1)
7 creatures vanquished.

Notes
Turn   | Place    | Note
-------+----------+-------------------------------------------
     0 | D:1      | avis the Ogre Warper began the quest for the Orb.
     0 | D:1      | Reached XP level 1. HP: 22/22 MP: 3/3
   214 | D:1      | Found a faded altar of an unknown god.
   442 | D:1      | You fall into a shaft and drop 1 floor!
   443 | D:2      | Noticed an iguana
   481 | D:2      | Reached skill level 3 in Fighting
   481 | D:2      | Reached XP level 2. HP: 5/31 MP: 5/5
   532 | D:2      | HP: 1/31 [poisoned by an adder]
   533 | D:2      | Slain by a giant cockroach

Illustrated notes

Levels and vault maps discovered:
D:1:      co_arrival_hall_of_pillars, layout_basic,
          shapermc_ecumenical_altar_gd, kennysheep_another_room,
          minmay_crystal_room
D:2:      layout_basic, minmay_strange_pillars

Skill      XL: |  1 |
---------------+----+-----
Maces & Flails | 2 |  2.2
Fighting       | 3 |  3.0
Throwing       | |  1.0
Dodging        | |  2.1
Spellcasting   | |  2.4
Translocations | |  2.6

Action                   || total
-------------------------++-------
Melee: Mace              ||    19
  Use: Scroll            ||     3
Armor: Robe              ||    16
Dodge: Dodged            ||    22

Table legend: (Time is in decaauts)
 A = Elapsed time spent in this place.
 B = Non-inter-level travel time spent in this place.
 C = Inter-level travel time spent in this place.
 D = Time resting spent in this place.
 E = Time spent auto-exploring this place.
 F = Levels seen in this place.
 G = Mean time per level.
                   A        B        C        D        E       F      G
               +--------+--------+--------+--------+--------+-----+--------+
         Total |    538 |    538 |      0 |     94 |    278 |   2 |  269.0 |
       Dungeon |    538 |    538 |      0 |     94 |    278 |   2 |  269.0 |
               +--------+--------+--------+--------+--------+-----+--------+

Top non-repeatable levels by time:
     D:1: 445 daAuts
     D:2: 92 daAuts
